 Dungeon Crawl Stone Soup version 0.23.0-3-gf3c87f2df8 (webtiles) character file.

Game seed: 9678899432864829103

85 Ivernyr the Chiller (level 4, -3/36 HPs)
             Began as a Naga Ice Elementalist on Feb 20, 2019.
             Slain by Sigmund
             ... wielding a +0 scythe
              (8 damage)
             ... on level 2 of the Dungeon.
             The game lasted 00:04:24 (2053 turns).

Ivernyr the Chiller (Naga Ice Elementalist)         Turns: 2053, Time: 00:04:24

Health: -3/36      AC:  2    Str: 10    XL:     4   Next: 48%
Magic:  2/8        EV: 10    Int: 17    God:
Gold:   81         SH:  0    Dex: 11    Spells: 4/8 levels left

rFire    . . .     SeeInvis +   f - +0 spear
rCold    . . .     Gourm    .   (no shield)
rNeg     . . .     Faith    .   a - +0 robe
rPois    +         Spirit   .   (no helmet)
rElec    .         Reflect  .   (no cloak)
rCorr    .         Harm     .   (no gloves)
MR       .....                  (no barding)
Stlth    ++........             (no amulet)
HPRegen  0.12/turn              h - ring of flight
MPRegen  0.11/turn              (no ring)

@: very slightly contaminated, very slow
A: large, see invisible, deformed body, poison resistance, slowness 2, slow
metabolism 1, spit poison 1, AC +1
a: Spit Poison, Evoke Flight


You were on level 2 of the Dungeon.
You were not hungry.

You visited 1 branch of the dungeon, and saw 2 of its levels.

You collected 81 gold pieces.

Inventory:

Hand Weapons
 f - a +0 spear (weapon)
Armour
 a - a +0 robe (worn)
Jewellery
 h - a ring of flight (left hand)
Scrolls
 d - 2 scrolls of identify {unknown}
 i - a scroll of remove curse {unknown}
 j - a scroll of teleportation {unknown}
Potions
 b - a potion of berserk rage {unknown}
 e - 2 potions of curing
 g - a potion of haste {unknown}
Comestibles
 c - 4 rations


   Skills:
 + Level 2.2 Dodging
 - Level 3.0 Stealth
 + Level 2.7 Spellcasting
   Level 1.0 Conjurations
 * Level 4.2 Ice Magic


You had 4 spell levels left.
You knew the following spells:

 Your Spells              Type           Power        Failure   Level  Hunger
a - Freeze                Ice            ###.         3%          1    #......
b - Ozocubu's Armour      Chrm/Ice       #.......     22%         3    ###....

Your spell library contained the following spells:

 Spells                   Type           Power        Failure   Level  Hunger
 Throw Frost              Conj/Ice       ##....       10%         2    ##.....
 Throw Icicle             Conj/Ice       ##......     52%         4    #####..
 Summon Ice Beast         Ice/Summ       #.......     58%         4    #####..


Dungeon Overview and Level Annotations

Branches:
Dungeon (2/15)

Altars:
Okawaru
The Shining One

Annotations:
D:2 Sigmund


Innate Abilities, Weirdness & Mutations

You cannot wear boots.
Your serpentine skin is tough. (AC +1)
You have supernaturally acute eyesight. (SInv)
Armour fits poorly on your strangely shaped body.
Your system is resistant to poisons. (rPois)
You cover ground very slowly.
You have a slow metabolism.
You can spit poison.


Message History

You freeze Sigmund!
Sigmund is heavily wounded.
Sigmund hits you with a +0 scythe!
* * * LOW HITPOINT WARNING * * *
Casting: Freeze (safe; 3% risk of failure)
Confirm with . or Enter, or press ? or * to list all spells.
Aiming: Freeze (safe; 3% risk of failure)
Press: ? - help, Shift-Dir - straight line, f/p - Sigmund
Aim: Sigmund, wielding a +0 scythe and wearing a +0 robe (heavily wounded)
You freeze Sigmund.
Sigmund is heavily wounded.
Casting: Freeze (safe; 3% risk of failure)
Confirm with . or Enter, or press ? or * to list all spells.
Aiming: Freeze (safe; 3% risk of failure)
Press: ? - help, Shift-Dir - straight line, f/p - Sigmund
Aim: Sigmund, wielding a +0 scythe and wearing a +0 robe (heavily wounded)
You miscast Freeze.
You are very lightly contaminated with residual magic.
Nothing appears to happen.
Sigmund hits you with a +0 scythe!
You die...

.......#.........#.........[.....
††.....'..........#........#.....
.......#..........#........#.#+#.
.#+#####..........#...(#####.#...
..................#<.........#...
..................#....#....##...
..................#....#.........
.........##....##'#....#.........
.........##....@@......#..#######
#......####.....)).....#..#
+......'..+............#..##8..
.......####............'..##....
.......# #............#..#>....
.......####.#........#######....
.........................###8...
#..⌠...####.###########.## ##8#
.......# #.# #.#### ##


You could see Sigmund.

Vanquished Creatures
  Jessica (D:2)
  2 adders (D:2)
  An ooze (D:2)
  A worm (D:2)
  2 dart slugs (D:2)
  2 giant cockroaches
  6 goblins
  6 hobgoblins
  2 kobolds
  5 bats
  4 frilled lizards
  A rat (D:1)
33 creatures vanquished.

Notes
Turn   | Place    | Note
-------+----------+-------------------------------------------
     0 | D:1      | Ivernyr the Naga Ice Elementalist began the quest for the
                  | Orb.
     0 | D:1      | Reached XP level 1. HP: 15/15 MP: 3/3
   482 | D:1      | Reached XP level 2. HP: 22/22 MP: 3/5
   988 | D:2      | Found an iron altar of Okawaru.
  1211 | D:2      | Reached XP level 3. HP: 17/28 MP: 1/6
  1526 | D:2      | Noticed Jessica
  1533 | D:2      | Killed Jessica
  1533 | D:2      | Reached skill level 4 in Ice Magic
  1533 | D:2      | Reached XP level 4. HP: 31/36 MP: 2/7
  1730 | D:2      | Found a glowing golden altar of the Shining One.
  1767 | D:2      | Learned a level 3 spell: Ozocubu's Armour
  2042 | D:2      | Noticed Sigmund
  2053 | D:2      | Slain by Sigmund

Skill      XL: |  1  2  3 |
---------------+----------+-----
Dodging        | 2 |  2.2
Ice Magic      | 4 |  4.2
Stealth        | |  3.0
Spellcasting   | |  2.7
Conjurations   | |  1.0

Action                   |  1- 3 |  4- 6 || total
-------------------------+-------+-------++-------
Melee: Unarmed           |    11 |       ||    11
       Spear             |    15 |     1 ||    16
 Cast: Freeze            |    22 |    22 ||    44
 Abil: Spit Poison       |    10 |     2 ||    12
 Stab: Sleeping          |     1 |       ||     1
  Eat: Chunk             |     1 |     2 ||     3
Armor: Robe              |     6 |     2 ||     8
Dodge: Dodged            |    13 |    13 ||    26
